 Seeded DCSS version 0.30.1-9-gdf580d7c3d (webtiles) character file.

Game seed: 5 (custom seed)

2486 Kazon the Grave Robber (level 9, -6/60 (67) HPs)
             Began as a Demonspawn Necromancer on Oct 3, 2023.
             Was a Believer of Okawaru.
             Mangled by a wight
             ... wielding a +0 mace
              (9 damage)
             ... on level 7 of the Dungeon on Oct 6, 2023.
             The game lasted 00:47:22 (4964 turns).

Kazon the Grave Robber (Demonspawn Necromancer)     Turns: 4964, Time: 00:47:22

HP:   -6/60 (67)    AC:  4    Str: 11    XL:     9   Next: 27%
MP:   24/24         EV: 18    Int: 21    God:    Okawaru [**....]
Gold: 322           SH:  0    Dex: 21    Spells: 8/17 levels left

rFire   . . .        f - +0 hand axe (flame)
rCold   . . .        (no shield)
rNeg    . . .        a - +0 robe
rPois   .            (helmet unavailable)
rElec   .            c - scarf of the Stone Wall {repulsion, Int+4 Stlth+}
rCorr   .            E - +0 pair of gloves
SInv    +            (no boots)
Will    .....        (no amulet)
Stlth   +++++        d - ring of magical power
HPRegen 0.30/turn    x - +6 ring of dexterity
MPRegen 0.19/turn

%: repel missiles
@: heroic, heavily drained
A: antennae 3, rugged brown scales 1, powered by death 2
a: Renounce Religion, Heroism


You were on level 7 of the Dungeon.
You worshipped Okawaru.
Okawaru was pleased with you.
You visited 2 branches of the dungeon, and saw 8 of its levels.
You also visited: Ossuary.

You collected 322 gold pieces.

Inventory:

Hand Weapons
 e - a +2 vampiric dagger
 f - a +0 hand axe of flaming (weapon)
Missiles
 i - a boomerang (quivered)
 s - 8 poisoned darts
Armour
 a - a +0 robe (worn)
 c - the scarf of the Stone Wall (worn) {repulsion, Int+4 Stlth+}
   (You acquired it on level 1 of the Dungeon)

   Int:       It affects your intelligence (+4).
   Stlth:     It makes you more stealthy.
 E - a +0 pair of gloves (worn)
Jewellery
 d - a ring of magical power (left hand)
 x - a +6 ring of dexterity (right hand)
 y - an amulet of guardian spirit
Wands
 v - a wand of paralysis (8)
Scrolls
 g - a scroll of fog {unknown}
 k - a scroll of teleportation
 l - a scroll of blinking {unknown}
 m - 5 scrolls of identify {unknown}
 o - 2 scrolls of magic mapping {unknown}
 t - a scroll of torment {unknown}
 u - a scroll of fear {unknown}
 w - a scroll of amnesia {unknown}
 C - a scroll of poison {unknown}
 D - a scroll of enchant armour {unknown}
 H - a scroll of enchant weapon {unknown}
Potions
 b - 2 potions of magic
 h - a potion of resistance {unknown}
 j - 4 potions of curing
 p - 5 potions of flight {unknown}
 q - 2 potions of berserk rage {unknown}
 r - 2 potions of invisibility {unknown}
 z - 4 potions of heal wounds {unknown}
 A - a potion of lignification {unknown}
 B - 4 potions of attraction {unknown}
 F - a potion of haste {unknown}
 G - 2 potions of brilliance {unknown}


   Skills:
 * Level 4.4(9.4) Fighting
 + Level 3.5(8.5) Short Blades
 * Level 2.4(7.4) Axes
 + Level 2.4(7.4) Throwing
 + Level 1.5(6.5) Armour
 * Level 3.0(8.0) Dodging
 + Level 3.8(8.8) Stealth
 + Level 4.5 Spellcasting
 + Level 7.2 Necromancy
 * Level 5.3 Invocations
 * Level 2.8 Evocations


You had 8 spell levels left.
You knew the following spells:

 Your Spells              Type           Power      Damage    Failure   Level
a - Necrotise             Necr           100%       1d9       1%          1
b - Vampiric Draining     Necr           35%        2d8       1%          3
c - Agony                 Necr           35%        N/A       16%         5

Your spell library contained the following spells:

 Spells                   Type           Power      Damage    Failure   Level
 Frozen Ramparts          Ice            8%         1d2       34%         3
 Ignite Poison            Fire/Tmut/Pois 4%         N/A       34%         3
 Ice Form                 Ice/Tmut       4%         N/A       75%         4
 Sticky Flame             Conj/Fire      4%         2d3       75%         4
 Eringya's Noxious Bog    Tmut/Pois      2%         N/A       100%        6
 Ignition                 Fire           2%         3d3       100%        8
 Animate Dead             Necr           Unusable   N/A       N/A         4
 Summon Ice Beast         Ice/Summ       Unusable   N/A       N/A         4
 Summon Forest            Summ/Tloc      Unusable   N/A       N/A         5
 Summon Hydra             Summ           Unusable   N/A       N/A         7

Dungeon Overview and Level Annotations

Branches:
Dungeon (7/15)             Temple (1/1) D:4         Ossuary (visited)

Altars:
Dithmenos
Fedhas
Gozag
Hepliaklqana
Okawaru
Qazlal
Trog
Uskayaw
Wu Jian
Xom


Innate Abilities, Weirdness & Mutations

You have a pair of large antennae on your head. (SInv)
You are partially covered in rugged brown scales. (AC +1, +3% HP)
You regenerate health from kills.


Message History

You hit the wight but do no damage.
The wight is moderately damaged.
The wight closely misses you.
You hit the wight but do no damage.
The wight is moderately damaged.
The wight hits you with a +0 mace!
You feel drained.
You hit the wight but do no damage.
The wight is moderately damaged.
You hit the wight. You burn the wight.
The wight is moderately damaged.
The wight hits you with a +0 mace.
You barely miss the wight.
The wight is moderately damaged.
The wight misses you.
You closely miss the wight.
The wight is moderately damaged.
The wight completely misses you.
You hit the wight but do no damage.
The wight is moderately damaged.
The wight barely misses you.
You closely miss the wight.
The wight is moderately damaged.
The wight hits you with a +0 mace!
* * * LOW HITPOINT WARNING * * *
You closely miss the wight.
The wight is moderately damaged.
The wight hits you but does no damage.
You hit the wight but do no damage.
The wight is moderately damaged.
The wight misses you.
You hit the wight. You burn the wight.
The wight is heavily damaged.
The wight hits you with a +0 mace!
* * * LOW HITPOINT WARNING * * *
You feel drained.
* * * LOW HITPOINT WARNING * * *
You barely miss the wight.
The wight is heavily damaged.
The wight hits you with a +0 mace!
You die...

..# ##...#.# #.#.#
#.# ###.#.# #.###
#.######.######.#.#
{.
#...............###
{.. {
######.######### {..
{{ #.# #### #b{ {
#.# #..###
#.#######....##.###
#....@zzz..........!
#########.....###...
#.........
#########..


You could see 3 wights.

Vanquished Creatures
  Sigmund (D:4)
  Duvessa (D:6)
  A water moccasin (D:6)
  2 black bears (D:4)
  2 centaurs
  An ogre (D:5)
  An elf zombie (Ossuary)
  A kobold brigand (D:7)
  2 scorpions
  2 wights (D:7)
  4 killer bees (D:7)
  Dowan (D:6)
  A howler monkey (D:5)
  5 hounds
  A centaur zombie (Ossuary)
  3 orc priests (D:6)
  3 human zombies (Ossuary)
  A jelly (D:5)
  6 iguanas
  4 orc wizards (D:6)
  4 ogre zombies (Ossuary)
  7 mummies (Ossuary)
  4 gnolls (D:5)
  9 adders
  2 ufetubi
  2 adder zombies (Ossuary)
  3 worms
  14 orcs
  6 bats
  8 endoplasms
  A giant cockroach (D:1)
  10 goblins
  7 hobgoblins
  9 jackals
  9 kobolds
  3 quokkas (D:4)
  6 ball pythons
  3 frilled lizards
  4 goblin zombies (Ossuary)
  6 hobgoblin zombies
  3 kobold zombies
  4 quokka zombies (Ossuary)
  3 rats
  4 rat zombies (Ossuary)
174 creatures vanquished.

Vanquished Creatures (collateral kills)
  An orc (D:3)
  An endoplasm (D:1)
  2 goblins (D:2)
  2 jackals
  A rat (D:1)
7 creatures vanquished.

Grand Total: 181 creatures vanquished

Notes
Turn   | Place    | Note
-------+----------+-------------------------------------------
     0 | D:1      | Kazon the Demonspawn Necromancer began the quest for the
                  | Orb.
     0 | D:1      | Reached XP level 1. HP: 13/13 MP: 3/3
    41 | D:1      | Identified a scroll of acquirement
    41 | D:1      | Acquired the scarf of the Stone Wall {repulsion, Int+4
                  | Stlth+}
    87 | D:1      | Gained mutation: You have a pair of small antennae on your
                  | head. [demonic ancestry]
    87 | D:1      | Reached XP level 2. HP: 19/19 MP: 3/5
   349 | D:1      | Reached skill level 5 in Necromancy
   576 | D:1      | Gained mutation: You are partially covered in rugged brown
                  | scales. (AC +1, +3% HP) [demonic ancestry]
   576 | D:1      | Reached XP level 3. HP: 20/25 MP: 4/6
   831 | D:2      | Reached skill level 1 in Fighting
  1031 | D:2      | Reached XP level 4. HP: 32/32 MP: 3/7
  1035 | D:2      | Learned a level 3 spell: Vampiric Draining
  1601 | D:3      | Found a blossoming altar of Fedhas.
  1704 | D:3      | Found a stormy altar of Qazlal.
  1875 | D:3      | Identified the +2 sling "Qeuhanocyt" {speed, rElec Str-3
                  | Dex+2}
  1893 | D:3      | Found a faded altar of an unknown god.
  2046 | D:4      | Found a staircase to the Ecumenical Temple.
  2054 | Temple   | Entered the Ecumenical Temple
  2067 | Temple   | Became a worshipper of Warmaster Okawaru
  2143 | D:4      | Reached skill level 1 in Short Blades
  2143 | D:4      | Reached skill level 1 in Throwing
  2145 | D:4      | Noticed a scorpion
  2152 | D:4      | Killed a scorpion
  2153 | D:4      | Reached skill level 1 in Invocations
  2153 | D:4      | Gained mutation: You regenerate a little health from kills.
                  | [demonic ancestry]
  2153 | D:4      | Reached XP level 5. HP: 31/38 MP: 8/9
  2217 | D:4      | Noticed Sigmund
  2224 | D:4      | Killed Sigmund
  2224 | D:4      | Reached * piety under Okawaru
  2225 | D:4      | Gained mutation: You have a pair of antennae on your head.
                  | [demonic ancestry]
  2225 | D:4      | Reached XP level 6. HP: 30/45 MP: 10/10
  2260 | D:4      | Found a hazy altar of Hepliaklqana.
  2289 | D:4      | Found a shadowy altar of Dithmenos.
  2289 | D:4      | Noticed a shadow
  2652 | D:4      | Reached skill level 6 in Necromancy
  2652 | D:4      | Gained mutation: You have a pair of large antennae on your
                  | head. (SInv) [demonic ancestry]
  2652 | D:4      | Reached XP level 7. HP: 52/52 MP: 12/12
  2837 | D:5      | Entered Level 5 of the Dungeon
  3056 | D:5      | Reached skill level 1 in Armour
  3186 | D:5      | Reached skill level 1 in Evocations
  3261 | D:5      | Learned a level 5 spell: Agony
  3496 | D:6      | Noticed Dowan
  3499 | D:6      | Noticed Duvessa
  3513 | D:6      | Killed Duvessa
  3514 | D:6      | Reached skill level 1 in Axes
  3514 | D:6      | Gained mutation: You regenerate health from kills. [demonic
                  | ancestry]
  3514 | D:6      | Reached XP level 8. HP: 59/59 MP: 10/13
  3514 | D:6      | Killed Dowan
  3553 | D:6      | Reached ** piety under Okawaru
  3706 | D:6      | Found a shimmering altar of Xom.
  4228 | D:7      | Reached skill level 7 in Necromancy
  4258 | D:7      | Reached XP level 9. HP: 12/66 MP: 0/15
  4284 | D:7      | Found a sand-covered staircase.
  4312 | Ossuary  | Entered an ossuary
  4816 | Ossuary  | Reached skill level 5 in Invocations
  4963 | D:7      | HP: 3/60 [wight/+0 mace (1)]
  4964 | D:7      | Mangled by a wight

Illustrated notes

Levels and vault maps discovered:
D:1:      ebering_trefoil_3fold, layout_basic, st_stairs_14, serial_bayou_ford_a
D:2:      layout_basic, hangedman_decor_growths, minmay_close_crescents
D:3:      layout_rooms, mainiacjoe_overflow_concentric_impassable,
          mainiacjoe_overflow_paths, shapermc_ecumenical_altar_acropolis,
          chequers_serial_rivers_micro_b
D:4:      layout_basic, riverfiend_overflow_shadow_ancestor,
          minmay_temple_entry_glass, uniq_sigmund
D:5:      layout_gridville
D:6:      layout_basic, xom_teletrap_fun, uniq_duvessa
D:7:      layout_loops_ring, enter_ossuary_3, roderic_batcave
Temple:   nicolae_temple_elliptical

Skill      XL: |  1  2  3  4  5  6  7  8  9 |
---------------+----------------------------+-----
Necromancy     | 5 6 7 |  7.2
Stealth        | 2 3 |  3.8
Fighting       | 1 2 3 4 |  4.4
Short Blades   | 1 2 3 |  3.5
Throwing       | 1 2 |  2.4
Invocations    | 1 2 3 4 5 |  5.3
Dodging        | 2 3 |  3.0
Spellcasting   | 3 4 |  4.5
Armour         | 1 |  1.5
Evocations     | 1 2 |  2.8
Axes           | 1 2 |  2.4

Action                     |  1- 3 |  4- 6 |  7- 9 || total
---------------------------+-------+-------+-------++-------
  Melee: Unarmed           |    14 |       |       ||    14
         Short sword       |    40 |    28 |       ||    68
         Dagger            |     2 |    32 |   261 ||   295
         Punch             |       |       |    10 ||    10
         Hand axe          |       |       |   160 ||   160
  Throw: Stone             |     2 |     8 |    40 ||    50
         Boomerang         |       |     1 |    31 ||    32
         Dart              |       |     1 |    15 ||    16
   Cast: Necrotise         |    33 |    39 |    47 ||   119
         Vampiric Draining |       |     9 |    39 ||    48
         Agony             |       |       |     1 ||     1
 Invoke: Heroism           |       |     1 |     8 ||     9
    Use: Scroll            |     2 |     1 |     1 ||     4
         Potion            |       |       |     1 ||     1
   Stab: Sleeping          |     6 |     9 |    21 ||    36
 Armour: Robe              |    12 |     6 |    61 ||    79
  Dodge: Dodged            |    39 |    47 |   273 ||   359
         Repelled          |       |       |     2 ||     2
